 Dungeon Crawl Stone Soup version 0.31-a0-986-g5e6e4ef867 (webtiles) character file.

Game seed: 2656102535307388500

1110 LeprechaunX the Changeling (level 8, -8/48 HPs)
             Began as an Octopode Shapeshifter on Nov 6, 2023.
             Was a Follower of Hepliaklqana.
             Mangled by an iguana (14 damage)
             ... on level 6 of the Dungeon.
             The game lasted 00:05:35 (4022 turns).

LeprechaunX the Changeling (Octopode Shapeshifter)  Turns: 4022, Time: 00:05:35

Health: -8/48      AC:  1    Str: 14    XL:     8   Next: 33%
Magic:  8/8        EV: 13    Int: 12    God:    Hepliaklqana [*.....]
Gold:   271        SH:  0    Dex: 13    Spells: 7/7 levels left

rFire   + .          .
                       - Unarmed
rCold   x . .        (no shield)
rNeg    . . .        (helmet currently unavailable)
rPois   .            (no amulet)
rElec   .            v - ring of fire
rCorr   .            (no ring)
SInv    .            (no ring)
Will    .....        (no ring)
Stlth   ++           (no ring)
HPRegen 0.28/turn    (no ring)
MPRegen 0.11/turn    (no ring)
                     (no ring)

%: no passive effects
@: beast-form
A: beast (slay +3), reduced essence, almost no armour, amphibious, 8 rings,
camouflage 1, gelatinous body 1, (nimble swimmer 1), tentacles
a: Begin Untransformation, Renounce Religion, Recall Ancestor, Ancestor Identity


You were on level 6 of the Dungeon.
You worshipped Hepliaklqana.
Hepliaklqana was aware of your devotion.
You were a hulking beast.
You visited 1 branch of the dungeon, and saw 6 of its levels.

You collected 271 gold pieces.

Inventory:

Hand Weapons
 a - a +1 sling of freezing
Missiles
 o - a throwing net
 r - 6 curare-tipped darts (quivered)
Jewellery
 v - a ring of fire (left tentacle)
Talismans
 b - a beast talisman
 c - a flux talisman
Wands
 n - a wand of iceblast (13)
Scrolls
 f - 2 scrolls of identify {unknown}
 g - a scroll of enchant armour {unknown}
 h - 2 scrolls of brand weapon {unknown}
 i - a scroll of vulnerability {unknown}
 m - a scroll of revelation {unknown}
 p - 3 scrolls of torment {unknown}
 s - 4 scrolls of teleportation {unknown}
 u - a scroll of noise {unknown}
 w - a scroll of fear {unknown}
 x - a scroll of poison {unknown}
 y - a scroll of blinking {unknown}
 z - a scroll of fog {unknown}
Potions
 d - 5 potions of curing {unknown}
 e - a potion of heal wounds {unknown}
 j - a potion of magic {unknown}
 k - a potion of lignification
 l - a potion of resistance {unknown}
 q - a potion of degeneration {unknown}
 t - a potion of mutation {unknown}


   Skills:
 + Level 4.1 Fighting
 - Level 3.0 Ranged Weapons
 - Level 2.0 Dodging
 + Level 5.0 Unarmed Combat
 + Level 3.5 Evocations
 * Level 6.1 Shapeshifting


You had 7 spell levels left.
You didn't know any spells.
Your spell library contained the following spells:

 Spells                   Type           Power      Damage    Failure   Level
 Freeze                   Ice            0%         1d3       32%         1
 Lesser Beckoning         Tloc           0%         N/A       45%         2
 Frozen Ramparts          Ice            0%         1d1       69%         3
 Gell's Gravitas          Tloc           0%         N/A       69%         3
 Hailstorm                Conj/Ice       0%         3d3       69%         3
 Stone Arrow              Conj/Erth      0%         3d7       69%         3
 Teleport Other           Tloc           0%         N/A       69%         3
 Lehudib's Crystal Spear  Conj/Erth      0%         10d2      100%        8
 Animate Armour           Summ/Erth      Unusable   N/A       N/A         4

Dungeon Overview and Level Annotations

Branches:
Dungeon (6/15)             Temple (0/1) D:4

Altars:
Dithmenos
Hepliaklqana
Okawaru
Vehumet
Wu Jian
Yredelemnul

Shops:
D:3 *


Innate Abilities, Weirdness & Mutations

You are a hulking beast.
Your limbs bulge with bestial killing power. (Slay +3)
Your life essence is reduced to manifest your ancestor. (-10% HP)
You cannot wear most types of armour.
You are amphibious.
You can wear up to eight rings at the same time.
Your skin changes colour to match your surroundings (Stealth+).
Your rubbery body absorbs attacks. (AC +1, EV +1)
((You are camouflaged when in or above water. (Stealth+)))
You have tentacles for arms and can constrict up to eight enemies at once.


Message History

There is a stone staircase leading up here.
Your +1 sling of freezing stops glowing.
You are now empty-tentacled.
Rabi hits the ufetubus.
The ufetubus closely misses Rabi.
The ufetubus hits Rabi.
An ufetubus comes into view.
The black bear bites you but does no damage.
The black bear claws you. x2; The ufetubus hits Rabi. x2
Rabi hits the ufetubus.
The centaur wields a +0 orcbow.
The centaur shoots an arrow.
The arrow barely misses Rabi.
The arrow misses you.
You tentacle-slap the black bear. You grab the black bear.
The black bear is moderately wounded.
You constrict the black bear.
The ufetubus barely misses Rabi.
The ufetubus misses Rabi.
The ufetubus barely misses you. The ufetubus hits you.
The black bear bites you. The black bear barely misses you.
The black bear claws you. The iguana misses you.
The centaur shoots an arrow.
The arrow closely misses Rabi.
The arrow hits you!
Rabi hits the ufetubus.
The ufetubus dies!
Unknown command.
You bludgeon the black bear! You squeeze the black bear.
You kill the black bear!
The ufetubus hits you. The ufetubus closely misses you.
An ufetubus comes into view.
The centaur shoots an arrow.
The arrow hits Rabi.
The iguana bites you! The ufetubus barely misses you. The ufetubus hits you.
* * * LOW HITPOINT WARNING * * *
Rabi barely misses the ufetubus.
Your Unarmed Combat skill increases to level 5!
The ufetubus barely misses you. x2
An ufetubus comes into view.
The iguana attacks as it pursues you! The iguana bites you!
* * * LOW HITPOINT WARNING * * *
Rabi barely misses the ufetubus.
Unknown command.
The ufetubus shouts!
You tentacle-slap the ufetubus. Your grab misses the ufetubus.
The ufetubus is lightly wounded.
The ufetubus barely misses you. x2; The iguana bites you!
You die...

#.#... #.#..
.. #...###b.
# #........
#.###...#.5..
.........
#..†5# #.l.#
#h5R#
#.#..!...#
..........#
##.###.o...#
#. .....# ##
..$..# c....#
....#


You could see the friendly Rabi the ancestor, an iguana, 3 ufetubi and an orc.

Vanquished Creatures
  Pikel (D:4)
  An ice beast (D:5)
  A black bear (D:6)
  A lemure (D:4)
  A scorpion (D:4)
  A howler monkey (D:4)
  An iguana (D:5)
  4 orc wizards (D:5)
  An adder (D:3)
  8 gnolls
  A white imp (D:5)
  2 ufetubi (D:5)
  4 dart slugs
  5 orcs (D:5)
  4 endoplasms
  5 giant cockroaches
  7 goblins
  6 hobgoblins
  6 jackals
  2 quokkas
  3 ball pythons
  4 bats
  2 frilled lizards (D:1)
  15 kobolds
  2 rats
88 creatures vanquished.

Vanquished Creatures (collateral kills)
  A gnoll bouda (D:5)
  A jelly (D:5)
  An ufetubus (D:6)
3 creatures vanquished.

Grand Total: 91 creatures vanquished

Notes
Turn   | Place    | Note
-------+----------+-------------------------------------------
     0 | D:1      | LeprechaunX the Octopode Shapeshifter began the quest for
                  | the Orb.
     0 | D:1      | Reached XP level 1. HP: 13/13 MP: 1/1
   180 | D:1      | Reached XP level 2. HP: 7/18 MP: 2/2
   433 | D:1      | Reached XP level 3. HP: 22/23 MP: 3/3
  1144 | D:2      | Found a faded altar of an unknown god.
  1513 | D:3      | Found a radiant altar of Vehumet.
  1549 | D:3      | Reached XP level 4. HP: 28/29 MP: 4/4
  1674 | D:3      | Found Sabezy's Assorted Antiques.
  1749 | D:3      | Found a hazy altar of Hepliaklqana.
  1826 | D:3      | Found a basalt altar of Yredelemnul.
  2026 | D:3      | Reached skill level 1 in Ranged Weapons
  2035 | D:3      | Reached skill level 4 in Shapeshifting
  2103 | D:3      | Reached XP level 5. HP: 16/34 MP: 5/5
  2338 | D:3      | Became a worshipper of Hepliaklqana the Forgotten
  2368 | D:4      | Found an ornate altar of the Wu Jian Council.
  2377 | D:4      | Found an iron altar of Okawaru.
  2520 | D:4      | Noticed a lemure
  2549 | D:4      | Killed a lemure
  2637 | D:4      | Found a staircase to the Ecumenical Temple.
  2739 | D:4      | Noticed a lemure
  2739 | D:4      | Noticed a lemure
  2840 | D:4      | Found a shadowy altar of Dithmenos.
  2916 | D:4      | Reached skill level 1 in Evocations
  2916 | D:4      | Reached XP level 6. HP: 41/41 MP: 6/6
  2927 | D:4      | Noticed Pikel
  2945 | D:4      | Killed Pikel
  2946 | D:4      | Reached skill level 5 in Shapeshifting
  2946 | D:4      | Reached XP level 7. HP: 46/46 MP: 7/7
  3104 | D:5      | Entered Level 5 of the Dungeon
  3169 | D:5      | Reached * piety under Hepliaklqana
  3322 | D:5      | Reached XP level 8. HP: 46/48 MP: 8/8
  3683 | D:5      | Reached skill level 6 in Shapeshifting
  4021 | D:6      | Reached skill level 5 in Unarmed Combat
  4022 | D:6      | Mangled by an iguana

Illustrated notes

Levels and vault maps discovered:
D:1:      dpeg_arrival_three_same_balls, layout_basic,
          chequers_decorated_corner, kennysheep_another_room,
          minmay_tetromino_s2
D:2:      layout_basic, shapermc_ecumenical_altar_mp_urbaneastern,
          eino_tiny_chamber
D:3:      layout_loops_ring, mainiacjoe_overflow_brackets,
          amcnicky_altar_gilded, mainiacjoe_overflow_24_doors, serial_shops,
          nicolae_shop_pleasant_corner_grove
D:4:      layout_cave_pools, okawaru_trees_1, mainiacjoe_overflow_alcove_1,
          nicolae_dithmenos_shadow_blocks, minmay_temple_entry_from_below_a,
          uniq_pikel
D:5:      layout_loops_corners
D:6:      layout_basic, xom_butterflies, elyvilon_altar_4,
          nicolae_ossuary_entry_plus, serial_shops, shop

Skill      XL: |  1  2  3  4  5  6  7  8 |
---------------+-------------------------+-----
Fighting       | 2 3 4 |  4.1
Ranged Weapons | 1 2 3 |  3.0
Shapeshifting  | 4 5 6 |  6.1
Evocations     | 1 2 3 |  3.5
Unarmed Combat | 4 5 |  5.0
Dodging        | |  2.0

Action                     |  1- 3 |  4- 6 |  7- 9 || total
---------------------------+-------+-------+-------++-------
  Melee: Unarmed           |    73 |    29 |    18 ||   120
         Constrict         |    22 |     9 |     5 ||    36
         Tentacles         |    19 |     7 |     1 ||    27
         Punch             |     3 |       |       ||     3
   Fire: Sling             |       |    56 |    60 ||   116
  Throw: Dart              |       |     2 |       ||     2
   Stab: Sleeping          |     5 |     1 |       ||     6
         Distracted        |     1 |       |       ||     1
 Armour: Skin              |    34 |    14 |    23 ||    71
  Dodge: Dodged            |    39 |    32 |    30 ||   101

Table legend: (Time is in decaauts)
 A = Elapsed time spent in this place.
 B = Non-inter-level travel time spent in this place.
 C = Inter-level travel time spent in this place.
 D = Time resting spent in this place.
 E = Time spent auto-exploring this place.
 F = Levels seen in this place.
 G = Mean time per level.
                   A        B        C        D        E       F      G
               +--------+--------+--------+--------+--------+-----+--------+
         Total |   4035 |   3828 |    207 |    119 |   3040 |   6 |  672.5 |
       Dungeon |   4035 |   3828 |    207 |    119 |   3040 |   6 |  672.5 |
               +--------+--------+--------+--------+--------+-----+--------+

Top non-repeatable levels by time:
     D:5: 921 daAuts
     D:3: 907 daAuts
     D:1: 832 daAuts
     D:4: 738 daAuts
     D:2: 630 daAuts
     D:6: 5 daAuts
